 Dungeon Crawl Stone Soup version 0.26-a0-541-g3b3d21e777 (webtiles) character file.

Game seed: 4242471086222120284

179 BeastOfSaturn the Skirmisher (level 5, -2/42 HPs)
             Began as a Demonspawn Fighter on Aug 16, 2020.
             Slain by an ogre
             ... wielding a +0 giant spiked club
              (7 damage)
             ... on level 4 of the Dungeon.
             The game lasted 00:03:46 (2513 turns).

BeastOfSaturn the Skirmisher (Demonspawn Fighter)   Turns: 2513, Time: 00:03:46

Health: -2/42      AC:  8    Str: 17    XL:     5   Next: 33%
Magic:  5/5        EV:  7    Int: 10    God:
Gold:   227        SH:  8    Dex: 12    Spells: 4/4 levels left

rFire    . . .     SeeInvis .   a - +0 long sword
rCold    . . .     Faith    .   c - +0 kite shield
rNeg     . . .     Spirit   .   b - +0 scale mail
rPois    .         Reflect  .   (no helmet)
rElec    .         Harm     .   l - +1 cloak
rCorr    .                      (no gloves)
MR       .....                  (no boots)
Stlth    ..........             (no amulet)
HPRegen  0.14/turn              n - ring of attention (curse)
MPRegen  0.09/turn              (no ring)

@: no status effects
A: powered by pain 2
a: no special abilities


You were on level 4 of the Dungeon.
You visited 1 branch of the dungeon, and saw 4 of its levels.

You collected 227 gold pieces.

Inventory:

Hand Weapons
 a - a +0 long sword (weapon)
Armour
 b - a +0 scale mail (worn)
 c - a +0 kite shield (worn)
 l - a +1 cloak (worn)
Jewellery
 n - a cursed ring of attention (left hand)
Scrolls
 d - a scroll of immolation
 e - 2 scrolls of teleportation
 g - 2 scrolls of noise
 h - a scroll of identify
 o - a scroll of remove curse {unknown}
Potions
 f - a potion of stabbing
 i - a potion of cancellation
 j - a potion of haste
 k - a potion of lignification
 m - a potion of degeneration


   Skills:
 * Level 4.2 Fighting
 * Level 3.8 Long Blades
 - Level 2.6 Armour
 * Level 1.5 Dodging
 - Level 2.6 Shields


You had 4 spell levels left.
You didn't know any spells.
Your spell library was empty.

Dungeon Overview and Level Annotations

Branches:
Dungeon (4/15)
 Temple: D:4-7

Altars:
Cheibriados


Innate Abilities, Weirdness & Mutations

You sometimes gain power by taking damage.


Message History

A frilled lizard comes into view.
The ogre hits you with a +0 giant spiked club!
The frilled lizard moves out of view.
You slash the ogre!
The ogre is moderately wounded.
The ogre hits you with a +0 giant spiked club!
You hit the ogre but do no damage.
The ogre is moderately wounded.
The ogre hits you with a +0 giant spiked club!
* * * LOW HITPOINT WARNING * * *
The frilled lizard hisses.
You hit the ogre.
The ogre is moderately wounded.
The ogre barely misses you.
There is a stone staircase leading up here.
You completely miss the ogre.
The ogre is moderately wounded.
You block the ogre's attack.
The ogre hits you with a +0 giant spiked club!
You die...

...........
.........
.......
..... ...
#.# #.##
#lO#####
##@....#
#.###.# #^.
.[.. .#..#
.. #.# #.
.. #. (..


You could see an ogre and a frilled lizard.

Vanquished Creatures
  Natasha (thrice) (D:2)
  2 adders
  An ooze (D:1)
  2 worms (D:2)
  A dart slug (D:1)
  2 leopard geckos (D:1)
  7 orcs (D:3)
  A ball python (D:2)
  2 giant cockroaches
  5 goblins
  10 hobgoblins
  2 jackals (D:3)
  4 kobolds
  A quokka (D:2)
  8 bats
  5 frilled lizards
  9 rats
65 creatures vanquished.

Notes
Turn   | Place    | Note
-------+----------+-------------------------------------------
     0 | D:1      | BeastOfSaturn the Demonspawn Fighter began the quest for
                  | the Orb.
     0 | D:1      | Reached XP level 1. HP: 18/18 MP: 1/1
   143 | D:1      | Gained mutation: You sometimes gain a little power by
                  | taking damage. [demonic ancestry]
   143 | D:1      | Reached XP level 2. HP: 23/24 MP: 2/2
   395 | D:1      | Gained mutation: You sometimes gain power by taking damage.
                  | [demonic ancestry]
   395 | D:1      | Reached XP level 3. HP: 29/29 MP: 3/3
   671 | D:2      | Noticed Natasha
   673 | D:2      | Reached skill level 1 in Dodging
   680 | D:2      | Killed Natasha
   680 | D:2      | Reached XP level 4. HP: 14/37 MP: 4/4
   930 | D:2      | Found a snail-covered altar of Cheibriados.
   950 | D:2      | Noticed Natasha
   962 | D:2      | Killed Natasha
   962 | D:2      | Reached skill level 4 in Fighting
  1084 | D:2      | Noticed Natasha
  1092 | D:2      | Killed Natasha
  1318 | D:2      | Reached XP level 5. HP: 42/42 MP: 5/5
  2502 | D:4      | Noticed an ogre
  2513 | D:4      | Slain by an ogre

Illustrated notes

Levels and vault maps discovered:
D:1:      ebering_trefoil_twist, layout_rooms
D:2:      layout_basic, lemuel_doored_altar, uniq_natasha
D:3:      layout_basic
D:4:      layout_basic

Skill      XL: |  1  2  3  4 |
---------------+-------------+-----
Long Blades    | 2 3 |  3.8
Dodging        | 1 |  1.5
Fighting       | 4 |  4.2
Armour         | |  2.6
Shields        | |  2.6

Action                   |  1- 3 |  4- 6 || total
-------------------------+-------+-------++-------
Melee: Long sword        |    76 |   132 ||   208
  Use: Potion            |     1 |       ||     1
       Scroll            |       |    12 ||    12
Armor: Scale mail        |    60 |    53 ||   113
Dodge: Dodged            |    36 |    49 ||    85
Block: Kite shield       |    41 |    68 ||   109
       Rpst.: Long sword |    16 |    20 ||    36

Table legend: (Time is in decaauts)
 A = Elapsed time spent in this place.
 B = Non-inter-level travel time spent in this place.
 C = Inter-level travel time spent in this place.
 D = Time resting spent in this place.
 E = Time spent auto-exploring this place.
 F = Levels seen in this place.
 G = Mean time per level.
                   A        B        C        D        E       F      G
               +--------+--------+--------+--------+--------+-----+--------+
         Total |   2593 |   2532 |     61 |    414 |   1654 |   4 |  648.2 |
       Dungeon |   2593 |   2532 |     61 |    414 |   1654 |   4 |  648.2 |
               +--------+--------+--------+--------+--------+-----+--------+

Top non-repeatable levels by time:
     D:2: 1025 daAuts
     D:3: 899 daAuts
     D:1: 654 daAuts
     D:4: 13 daAuts
